 Dungeon Crawl Stone Soup version bcrawl-1.12.2 (webtiles) character file.

Game seed: 2932374763260041415

121 MisterOstroum the Skirmisher (level 4, -2/37 HPs)
             Began as a Demonspawn Archaeologist on July 22, 2019.
             Was an Initiate of Okawaru.
             Slain by a phantom (6 damage)
             ... on level 3 of the Dungeon on July 24, 2019.
             The game lasted 00:15:23 (3332 turns).

MisterOstroum the Skirmisher (DsAc)                 Turns: 3332, Time: 00:15:23

Health: -2/37      AC: 15    Str: 12 (13) XL:     4   Next: 77%
Magic:  4/4        EV:  3    Int: 14 (15) God:    Okawaru [......]
Gold:   234        SH:  0    Dex:  9 (11) Spells: 3/3 levels left

rFire    . . .     SeeInvis .   x - +0 morningstar
rCold    . . .     Gourm    .   (no shield)
rNeg     . . .     Faith    .   r - +0 plate armour
rPois    .         Spirit   .   p - +0 helmet
rElec    +         Reflect  .   (no cloak)
rCorr    .         Harm     .   (no gloves)
MR       .....                  d - +1 pair of boots
Stlth    ..........             (no amulet)
HPRegen  0.12/turn              j - ring of insulation
MPRegen  0.09/turn              (no ring)

@: studying Bows
A: thin metallic scales 1, nightstalker 1, powered by death 1
a: Renounce Religion


You were on level 3 of the Dungeon.
You worshipped Okawaru.
Okawaru was noncommittal.
You were not hungry.

You visited 1 branch of the dungeon, and saw 3 of its levels.

You collected 234 gold pieces.

Inventory:

Hand Weapons
 x - a +0 morningstar (weapon)
Missiles
 o - 655 stones (quivered)
 t - 64 curare-tipped needles
 w - 444 arrows
Armour
 b - a +1 robe
 c - a +1 hat
 d - a +1 pair of boots (worn)
 p - a +0 helmet (worn)
 r - a +0 plate armour (worn)
Jewellery
 j - a ring of insulation (left hand)
Wands
 m - a wand of digging (10)
Scrolls
 h - a scroll of remove curse {@r2}
 l - a scroll of identify {unknown}
 n - a scroll of teleportation {@r3 !r}
 s - a scroll of magic mapping {unknown}
 v - a scroll of enchant weapon {unknown}
Potions
 a - 2 potions of curing
 i - 2 potions of degeneration
 k - 2 potions of flight
Books
 g - a manual of Bows
Miscellaneous
 f - an ancient crate
Comestibles
 e - 4 rations {!d}


   Skills:
 + Level 3.9 Fighting
 * Level 1.0 Maces & Flails
 + Level 3.0 Bows
 - Level 2.6 Dodging
 - Level 3.0 Stealth


You had 3 spell levels left.
You didn't know any spells.
Your spell library was empty.

Dungeon Overview and Level Annotations

Branches:
Dungeon (3/12)

Altars:
Kikubaaqudgha
Okawaru


Innate Abilities, Weirdness & Mutations

You are partially covered in thin metallic scales. (AC +2)
You are slightly more attuned to the shadows.
You regenerate a little health from kills.


Message History

You barely miss the phantom.
The phantom is lightly damaged.
The phantom hits you.
You closely miss the phantom.
The phantom is lightly damaged.
The phantom hits you.
The phantom hits you but does no damage.
You closely miss the phantom.
The phantom is lightly damaged.
The phantom hits you but does no damage.
You miss the phantom.
The phantom is lightly damaged.
The phantom barely misses you.
The phantom hits you but does no damage.
You closely miss the phantom.
The phantom is lightly damaged.
The phantom barely misses you.
You closely miss the phantom.
The phantom is lightly damaged.
The phantom hits you but does no damage. x2
You puncture the phantom!
The phantom is moderately damaged.
The phantom hits you.
Your plate armour prevents you from hitting the phantom.
The phantom is moderately damaged.
The phantom hits you but does no damage.
The phantom hits you.
* * * LOW HITPOINT WARNING * * *
You sock the phantom!
The phantom is heavily damaged.
The phantom blinks!
Are you sure you want to abandon this character and quit the game? (Confirm with "yes".)
Okay, then.
You closely miss the phantom.
The phantom is heavily damaged.
The phantom hits you but does no damage.
You closely miss the phantom.
The phantom is heavily damaged.
The phantom blinks!
The phantom hits you.
* * * LOW HITPOINT WARNING * * *
The phantom blinks!
You miss the phantom.
The phantom is heavily damaged.
The phantom hits you but does no damage.
You hit the phantom.
The phantom is severely damaged.
The phantom blinks!
The phantom hits you.
* * * LOW HITPOINT WARNING * * *
You closely miss the phantom.
The phantom is severely damaged.
The phantom hits you but does no damage.
You puncture the phantom!
The phantom is almost destroyed.
The phantom blinks!
Throwing (i - inventory)
o - 662 stones (quivered)
Press: ? - help, Shift-Dir - straight line, f - phantom
Aim: a phantom (almost destroyed)
You throw a stone. The stone closely misses the phantom.
The phantom blinks! x2
Throwing (i - inventory)
o - 661 stones (quivered)
Press: ? - help, Shift-Dir - straight line, f/p - phantom
Aim: a phantom (almost destroyed)
You throw a stone. The stone barely misses the phantom.
The phantom blinks!
Throwing (i - inventory)
o - 660 stones (quivered)
Press: ? - help, Shift-Dir - straight line, f/p - phantom
Aim: a phantom (almost destroyed)
You throw a stone.
The stone hits the phantom but does no damage.
The phantom is almost destroyed.
Throwing (i - inventory)
o - 659 stones (quivered)
Press: ? - help, Shift-Dir - straight line, f/p - phantom
Aim: a phantom (almost destroyed)
You throw a stone. The stone misses the phantom.
Your plate armour prevents you from hitting the phantom.
The phantom is almost destroyed.
The phantom hits you.
* * * LOW HITPOINT WARNING * * *
Your plate armour prevents you from hitting the phantom.
The phantom is almost destroyed.
The phantom blinks!
Throwing (i - inventory)
o - 658 stones (quivered)
Press: ? - help, Shift-Dir - straight line, f/p - phantom
Aim: a phantom (almost destroyed)
You throw a stone. The stone closely misses the phantom.
Throwing (i - inventory)
o - 657 stones (quivered)
Press: ? - help, Shift-Dir - straight line, f/p - phantom
Aim: a phantom (almost destroyed)
You throw a stone. The stone misses the phantom.
Throwing (i - inventory)
o - 656 stones (quivered)
Press: ? - help, Shift-Dir - straight line, f/p - phantom
Aim: a phantom (almost destroyed)
You throw a stone. The stone barely misses the phantom.
You closely miss the phantom.
The phantom is almost destroyed.
The phantom blinks! x2
You closely miss the phantom.
The phantom is almost destroyed.
The phantom hits you.
You die...

##+## ##...##
##W....## #
##..@....## .##.
#...ยง.....####....W
+.........'........
#.........####....#
##.......## .#.#
##.....## .. ##...##
## ##+##


You could see a phantom.

Vanquished Creatures
  A worker ant (D:2)
  2 adders (D:3)
  2 worms
  5 dart slugs
  2 leopard geckos
  6 orcs
  A ball python (D:2)
  5 giant cockroaches
  4 goblins
  5 hobgoblins
  3 jackals
  8 bats
  2 frilled lizards (D:3)
  8 kobolds
  4 rats
58 creatures vanquished.

Notes
Turn   | Place    | Note
-------+----------+-------------------------------------------
     0 | D:1      | MisterOstroum the Demonspawn Archaeologist began the quest
                  | for the Orb.
     0 | D:1      | Reached XP level 1. HP: 15/15 MP: 1/1
     2 | D:1      | Noticed a human
     2 | D:1      | Noticed a ghoul
     4 | D:1      | Noticed an octopode
     4 | D:1      | Noticed a troll
     6 | D:1      | Noticed an elf
     6 | D:1      | Noticed a vine stalker
     8 | D:1      | Noticed an ogre
     8 | D:1      | Noticed a demigod
    10 | D:1      | Noticed a spriggan
    12 | D:1      | Noticed a gargoyle
    12 | D:1      | Noticed a felid
    14 | D:1      | Noticed a merfolk
    16 | D:1      | Noticed a minotaur
    18 | D:1      | Noticed a halfling
    18 | D:1      | Noticed a tengu
    20 | D:1      | Noticed a draconian
    22 | D:1      | Noticed a naga
    22 | D:1      | Noticed a dwarf
    24 | D:1      | Noticed a demonspawn
    24 | D:1      | Noticed a centaur
    26 | D:1      | Noticed a vampire
    26 | D:1      | Noticed a formicid
    97 | D:1      | Found an iron altar of Okawaru.
   105 | D:1      | Became a worshipper of Warmaster Okawaru
   118 | D:1      | Gained mutation: You are partially covered in thin metallic
                  | scales. (AC +2) [demonic ancestry]
   118 | D:1      | Reached XP level 2. HP: 15/22 MP: 2/2
  1020 | D:1      | Gained mutation: You are slightly more attuned to the
                  | shadows. [demonic ancestry]
  1020 | D:1      | Reached XP level 3. HP: 29/29 MP: 3/3
  1537 | D:2      | Reached skill level 1 in Bows
  2315 | D:2      | Gained mutation: You regenerate a little health from kills.
                  | [demonic ancestry]
  2315 | D:2      | Reached XP level 4. HP: 14/36 MP: 4/4
  2731 | D:3      | Found an ancient bone altar of Kikubaaqudgha.
  3035 | D:3      | Noticed a phantom
  3255 | D:3      | Reached skill level 1 in Maces & Flails
  3332 | D:3      | Slain by a phantom

Skill      XL: |  1  2  3  4 |
---------------+-------------+-----
Fighting       | 2 3 |  3.9
Bows           | 2 3 |  3.0
Maces & Flails | 1 |  1.0
Dodging        | |  2.6
Stealth        | |  3.0

Action                   |  1- 3 |  4- 6 || total
-------------------------+-------+-------++-------
Melee: Whip              |   127 |       ||   127
       Hand axe          |   104 |    49 ||   153
       Morningstar       |       |    94 ||    94
Throw: Stone             |     7 |    14 ||    21
  Use: Potion            |     5 |     1 ||     6
       Scroll            |       |     2 ||     2
 Stab: Sleeping          |     6 |       ||     6
  Eat: Chunk             |     5 |     1 ||     6
       Ration            |       |     1 ||     1
Armor: Robe              |    28 |       ||    28
       Plate armour      |   129 |   162 ||   291
Dodge: Dodged            |    74 |    25 ||    99
